 Dungeon Crawl Stone Soup version 0.29-a0-344-ge2f44be95a (webtiles) character file.

Game seed: 3528191677773768278

179210 Ijustatesigmund the Elven Aeon (level 17, -13/92 HPs)
             Began as a Deep Elf Conjurer on Apr 21, 2022.
             Was the Champion of Cheibriados.
             Mangled by a white very ugly thing (51 damage)
             ... on level 1 of the Vaults.
             The game lasted 02:53:10 (48074 turns).

Ijustatesigmund the Elven Aeon (Deep Elf Conjurer) Turns: 48074, Time: 02:53:11

Health: -13/92     AC: 25    Str: 17 (19) XL:     17   Next: 29%
Magic:  17/39      EV: 24    Int: 45 (47) God:    Cheibriados [******]
Gold:   672        SH: 15    Dex: 26 (28) Spells: 3/48 levels left

rFire   + . .      SeeInvis .   d - +11 short sword "Laphu" {protect, rF+}
rCold   . . .      Faith    .   u - +3 kite shield
rNeg    . . .      Spirit   .   H - +7 swamp dragon scales
rPois   +          Reflect  .   (no helmet)
rElec   .          Harm     .   A - +2 cloak
rCorr   .          Rampage  .   y - +2 pair of gloves
Will    +....                   P - +3 pair of boots of Hedging {Stlth+}
Stlth   +++++.....              o - amulet of regeneration
HPRegen 1.05/turn               n - +4 ring of evasion
MPRegen 0.26/turn               l - +4 ring of evasion

@: very slow
A: mutation resistance 1
}: 1/15 runes: gossamer
a: Renounce Religion, Bend Time, Temporal Distortion, Slouch, Step From Time


You were on level 1 of the Vaults.
You worshipped Cheibriados.
Cheibriados was exalted by your worship.
You visited 6 branches of the dungeon, and saw 29 of its levels.

You collected 3837 gold pieces.
You spent 3165 gold pieces at shops.

Inventory:

Hand Weapons
 d - the +11 short sword "Laphu" (weapon) {protect, rF+}
   (You found it on level 6 of the Lair of Beasts)

   It grants its wielder temporary protection when it strikes (+7 to AC).
   rF:        It protects you from fire.
 E - a +3 scimitar of flaming
Missiles
 w - 3 throwing nets
Armour
 a - a +1 robe of the Archmagi
 u - a +3 kite shield (worn)
 y - a +2 pair of gloves (worn)
 A - a +2 cloak (worn)
 G - the +0 hat "Ufoifopo" {Contam Fly rN+ rCorr}
   (You found it on level 4 of the Spider Nest)

   rN:        It protects you from negative energy.
   Fly:       It grants you flight.
   Contam:    It causes magical contamination when unequipped.
   rCorr:     It protects you from acid and corrosion.
 H - +7 swamp dragon scales (worn)
 P - the +3 pair of boots of Hedging (worn) {Stlth+}
   (You found it on level 11 of the Dungeon)

   Stlth:     It makes you more stealthy.
Magical Staves
 j - a staff of fire
Jewellery
 l - a +4 ring of evasion (right hand)
 n - a +4 ring of evasion (left hand)
 o - an amulet of regeneration (around neck)
 r - a ring of positive energy
 x - a ring of willpower
 I - a ring of fire
 N - a ring of magical power
 V - a ring of positive energy
 W - a ring of fire
Wands
 g - a wand of mindburst (8)
 p - a wand of flame (33)
 v - a wand of paralysis (2)
 B - a wand of charming (2)
 F - a wand of polymorph (13)
 S - a wand of iceblast (8)
 U - a wand of acid (9)
 Z - a wand of digging (5)
Scrolls
 h - 3 scrolls of brand weapon
 m - a scroll of teleportation
 t - a scroll of torment
 C - 2 scrolls of enchant weapon
 J - 3 scrolls of fear
 K - 2 scrolls of immolation
 M - 2 scrolls of holy word
 R - 4 scrolls of amnesia
 T - 5 scrolls of blinking
 Y - 9 scrolls of identify
Potions
 b - 5 potions of ambrosia
 c - 4 potions of lignification
 e - 14 potions of curing
 f - 3 potions of cancellation
 i - 4 potions of flight
 k - 6 potions of attraction
 q - 4 potions of resistance
 s - 4 potions of invisibility
 z - 6 potions of brilliance
 D - 7 potions of might
 L - 5 potions of heal wounds
 O - 3 potions of mutation


   Skills:
 + Level 5.1 Fighting
 - Level 5.1 Short Blades
 - Level 3.5 Armour
 + Level 8.4 Dodging
 - Level 9.6 Stealth
 - Level 5.5 Shields
 - Level 16.2 Spellcasting
 - Level 13.0 Conjurations
 - Level 7.2 Necromancy
 - Level 6.8 Translocations
 - Level 7.4 Transmutations
 - Level 8.7 Fire Magic
 - Level 11.5 Earth Magic
 + Level 16.6 Invocations
 - Level 5.2 Evocations


You had 3 spell levels left.
You knew the following spells:

 Your Spells              Type           Power      Damage    Failure   Level
a - Magic Dart            Conj           100%       1d8       0%          1
b - Searing Ray           Conj           100%       2d8       1%          2
c - Stone Arrow           Conj/Erth      100%       3d13      1%          3
d - Blink                 Tloc           100%       N/A       1%          2
e - Statue Form           Tmut/Erth      59%        N/A       11%         6
f - Borgnjor's Vile Clut  Necr/Erth      44%        N/A       1%          5
g - Fire Storm            Conj/Fire      47%        8d12      100%        9
h - Iskenderun's Battles  Conj           100%       2d15      1%          5
i - Flame Wave            Conj/Fire      94%        2d16      1%          4
j - Iron Shot             Conj/Erth      49%        9d9       3%          6
k - Passwall              Tmut/Erth      74%        N/A       1%          2

Your spell library contained the following spells:

 Spells                   Type           Power      Damage    Failure   Level
 Animate Skeleton         Necr           100%       N/A       1%          1
 Pain                     Necr           100%       1d9       1%          1
 Sting                    Tmut/Pois      100%       1d8       1%          1
 Conjure Flame            Conj/Fire      94%        6-21      1%          3
 Dazzling Flash           Conj/Hex       100%       N/A       1%          3
 Lesser Beckoning         Tloc           78%        N/A       1%          3
 Vampiric Draining        Necr           80%        2d11      1%          3
 Portal Projectile        Hex/Tloc       100%       N/A       2%          3
 Freeze                   Ice            100%       1d11      3%          1
 Slow                     Hex            100%       N/A       3%          1
 Ensorcelled Hibernation  Hex/Ice        72%        N/A       4%          2
 Poisonous Vapours        Pois/Air       72%        N/A       4%          2
 Call Canine Familiar     Summ           36%        N/A       10%         3
 Confusing Touch          Hex            36%        N/A       10%         3
 Frozen Ramparts          Ice            72%        1d9       10%         3
 Swiftness                Air            36%        N/A       10%         3
 Animate Dead             Necr           40%        N/A       1%          4
 Iskenderun's Mystic Bla  Conj/Tloc      90%        2d18      1%          4
 Petrify                  Tmut/Erth      89%        N/A       1%          4
 Sticky Flame             Conj/Fire      94%        2d10      1%          4
 Fireball                 Conj/Fire      47%        3d19      1%          5
 Irradiate                Conj/Tmut      45%        3d28      1%          5
 Lee's Rapid Deconstruct  Erth           48%        3d24*     1%          5
 Fulminant Prism          Conj/Hex       38%        3d18      2%          4
 Hailstorm                Conj/Ice       76%        3d16      2%          4
 Leda's Liquefaction      Hex/Erth       36%        N/A       3%          4
 Manifold Assault         Tloc           78%        N/A       5%          5
 Lightning Bolt           Conj/Air       38%        1d56      6%          5
 Starburst                Conj/Fire      47%        6d13      6%          6
 Orb of Destruction       Conj           50%        9d13      14%         7
 Death Channel            Necr           40%        N/A       26%         6
 Olgreb's Toxic Radiance  Pois           36%        N/A       32%         4
 Summon Ice Beast         Ice/Summ       36%        N/A       32%         4
 Conjure Ball Lightning   Conj/Air       38%        3x3d12    34%         6
 Metabolic Englaciation   Hex/Ice        18%        N/A       67%         5
 Summon Mana Viper        Hex/Summ       36%        N/A       67%         5
 Lehudib's Crystal Spear  Conj/Erth      49%        10d12     82%         8
 Monstrous Menagerie      Summ           18%        N/A       100%        7
 Discord                  Hex            18%        N/A       100%        8
 Disjunction              Tloc           39%        N/A       100%        8


Dungeon Overview and Level Annotations

Branches:
Dungeon (15/15)            Temple (1/1) D:4            Lair (6/6) D:10
 Shoals (0/4) Lair:2       Spider (4/4) Lair:4        Slime (0/5) Lair:5
    Orc (2/2) D:12            Elf (0/3) Orc:2        Vaults (1/5) D:13
 Depths: D:15

Altars:
Ashenzari
Cheibriados
Dithmenos
Elyvilon
Fedhas
Gozag
Hepliaklqana
Kikubaaqudgha
Makhleb
Nemelex Xobeh
Okawaru
Qazlal
Ru
Sif Muna
Trog
Uskayaw
Vehumet
Wu Jian
Xom
Yredelemnul
Zin
The Shining One
Beogh

Shops:
D:12 [=(:[   Orc:2 ?([*=

Annotations:
Lair:3 2 transporters, anet's ghost, journeyman MiBe


Innate Abilities, Weirdness & Mutations

You are somewhat resistant to further mutation.


Message History

The lindwurm seems to grow stronger.
A vault guard comes into view. It is wielding a +1 vorpal broad axe.
The white very ugly thing punches you but does no damage.
The cyan very ugly thing struggles to escape constriction.
You feel your strength returning.
Casting: Flame Wave (safe; 1% risk of failure)
Confirm with . or Enter, or press ? or * to list all spells.
Casting: Flame Wave (safe; 1% risk of failure)
Press: ? - help, Dir - look around, f - activate A wave of flame ripples out!
The flame wave engulfs the white very ugly thing.
The white very ugly thing is heavily wounded. (Press . to intensify the flame waves.)
The zombie hands constrict the red ugly thing!!
You kill the red ugly thing!
Cheibriados appreciates the change of pace.
The zombie hands constrict the cyan very ugly thing!!
You kill the cyan very ugly thing!
Cheibriados thoroughly appreciates the change of pace.
The ironbound convoker begins to recite a word of recall!
The lindwurm breathes flames at you. The blast of flame misses you.
The white very ugly thing punches you. The white very ugly thing freezes you!!
A wave of flame ripples out!
The flame wave engulfs the lindwurm!
The lindwurm is heavily wounded.
The flame wave engulfs the white very ugly thing!!
The white very ugly thing is severely wounded.
The flame wave engulfs the lindwurm!
The lindwurm is heavily wounded.
The flame wave engulfs the ironbound convoker!!
You kill the ironbound convoker!
Cheibriados thoroughly appreciates the change of pace.
You hear a shout!
The lindwurm bites you but does no damage.
The lindwurm completely misses you. The lindwurm claws you.
The vault sentinel blows a loud note on a signal horn!
The white very ugly thing punches you.
The white very ugly thing freezes you!!!
Ouch! That really hurt!
You die...

##########
#........#
#...)....#
#........#
#........#
########........#
.......#..∩.....#
..$..)u@........#
......k#........#
......k#....p...+
...p..†##########
....... .......
....... .......


You could see a white very ugly thing, a vault guard, a vault sentinel (catching
breath) and 2 lindwurms.

Vanquished Creatures
  Arachne (Spider:2)
  Mlioglotl (Spider:2)
  Frances (D:12)
  Kirke (D:12)
  Roxanne (Spider:3)
  An orc warlord (Orc:1)
  5 ghost moths
  3 emperor scorpions
  Louise (Spider:2)
  3 broodmothers
  An ironbound thunderhulk (Vaults:1)
  2 very ugly things (Vaults:1)
  2 entropy weavers
  5 spark wasps
  Josephine (Lair:5)
  10 hydras
  5 boulder beetles
  2 catoblepae
  A death knight (D:13)
  A radroach (Spider:3)
  A jorogumo (Spider:4)
  8 death yaks
  2 centaur warriors
  Erica (D:8)
  2 two-headed ogres (D:13)
  2 orc high priests (Orc:2)
  A sun demon (D:13)
  2 skeletal warriors
  4 pharaoh ants
  A sun moth (Spider:2)
  10 steelbarb worms
  15 orb spiders
  A goliath frog (Lair:6)
  2 orc knights (Orc:2)
  A necromancer (D:13)
  32 wolf spiders
  A lindwurm (Lair:3)
  An ironbound convoker (Vaults:1)
  Pikel (D:4)
  5 ugly things
  A deep elf pyromancer (D:14)
  2 moths of wrath
  26 elephants
  4 orc sorcerers (Orc:2)
  2 manticores
  5 cyclopes
  3 black mambas
  17 cane toads
  7 torpor snails
  A gargoyle (D:12)
  3 unseen horrors
  8 demonic crawlers
  7 rime drakes
  15 komodo dragons
  A freezing wraith (D:15)
  An ice devil (D:13)
  10 trolls
  A meliai (Lair:4)
  A polar bear (Lair:1)
  6 hornets
  A merfolk (Lair:2)
  2 tyrant leeches (Lair:6)
  25 tarantellas
  Prince Ribbit (D:5)
  21 blink frogs
  5 slime creatures (D:12)
  3 dream sheep (Lair:3)
  A culicivora (shapeshifter) (D:12)
  Sigmund (D:5)
  21 jumping spiders
  24 culicivoras
  3 shadows
  15 basilisks
  6 wraiths
  A hog (D:13)
  2 wyverns (Lair:1)
  63 yaks
  2 steam dragons
  44 redbacks
  6 wargs
  9 vampire mosquitoes
  3 acid dragons
  Edmund (D:4)
  Duvessa (D:5)
  11 water moccasins
  A black bear (Lair:1)
  38 orc warriors
  13 wolves
  12 ogres
  7 centaurs
  A phantom (D:4)
  3 lemures (D:4)
  5 kobold brigands
  7 gnoll sergeants
  9 bullfrogs
  A necrophage (D:5)
  2 scorpions
  4 wights (D:6)
  Dowan (D:5)
  9 killer bees
  11 howler monkeys
  4 electric eels
  4 crimson imps (D:13)
  A lava snake (Lair:2)
  2 jellies
  4 hounds
  18 orc priests
  5 iguanas
  25 orc wizards
  Natasha (thrice) (D:2)
  26 gnolls
  10 adders
  2 shadow imps
  4 white imps (D:13)
  An ufetubus (D:6)
  11 worms
  3 dart slugs
  79 orcs
  3 ball pythons (D:4)
  5 bats
  10 endoplasms
  3 giant cockroaches (D:3)
  15 goblins
  9 hobgoblins
  22 kobolds
  6 quokkas
  4 frilled lizards
  A rat (D:1)
938 creatures vanquished.

Vanquished Creatures (others)
  3 yaks (Lair:6)
  An orc (Orc:2)
  5 bushes (Lair:6)
  A fire vortex (Lair:2)
  86 fungi
  164 plants
  9 withered plants (D:15)
269 creatures vanquished.

Grand Total: 1207 creatures vanquished

Notes
Turn   | Place    | Note
-------+----------+-------------------------------------------
     0 | D:1      | Ijustatesigmund the Deep Elf Conjurer began the quest for
                  | the Orb.
     0 | D:1      | Reached XP level 1. HP: 10/10 MP: 6/6
   150 | D:1      | Got the Disquisition on the Glacier and Stones
   340 | D:1      | Reached XP level 2. HP: 15/15 MP: 3/8
   386 | D:1      | Learned a level 2 spell: Searing Ray
   449 | D:1      | Found a faded altar of an unknown god.
   994 | D:1      | Reached skill level 5 in Conjurations
  1042 | D:1      | Reached XP level 3. HP: 14/19 MP: 7/10
  1119 | D:1      | Learned a level 3 spell: Stone Arrow
  1535 | D:2      | Reached skill level 1 in Earth Magic
  1651 | D:2      | Noticed Natasha
  1655 | D:2      | Killed Natasha
  1656 | D:2      | Reached XP level 4. HP: 23/24 MP: 5/12
  2043 | D:2      | Noticed Natasha
  2047 | D:2      | Killed Natasha
  2048 | D:2      | Reached skill level 5 in Spellcasting
  2048 | D:2      | Reached XP level 5. HP: 28/28 MP: 9/14
  2206 | D:2      | Noticed Natasha
  2210 | D:2      | Killed Natasha
  2469 | D:3      | Found a blossoming altar of Fedhas.
  2480 | D:3      | Found an ornate altar of the Wu Jian Council.
  3430 | D:4      | Noticed Edmund
  3541 | D:4      | Noticed a steam dragon
  3543 | D:4      | Killed a steam dragon
  3544 | D:4      | Reached XP level 6. HP: 32/32 MP: 12/16
  3848 | D:4      | Killed Edmund
  3849 | D:4      | Reached skill level 1 in Fighting
  3849 | D:4      | Reached XP level 7. HP: 38/38 MP: 8/18
  3975 | D:4      | Found a white marble altar of Elyvilon.
  4368 | D:4      | Noticed Pikel
  4377 | D:4      | Killed Pikel
  4378 | D:4      | Reached XP level 8. HP: 45/45 MP: 12/21
  4384 | D:4      | Learned a level 2 spell: Blink
  4456 | D:4      | Found a staircase to the Ecumenical Temple.
  4629 | D:4      | Reached skill level 1 in Translocations
  4758 | D:4      | Found a shimmering altar of Xom.
  4782 | D:5      | Entered Level 5 of the Dungeon
  5606 | D:5      | Noticed Sigmund
  5961 | D:5      | Found a radiant altar of Vehumet.
  6457 | D:5      | Noticed Duvessa
  6459 | D:5      | Noticed Dowan
  6472 | D:5      | Killed Duvessa
  6473 | D:5      | Reached XP level 9. HP: 23/49 MP: 16/24
  6473 | D:5      | Killed Dowan
  6598 | D:5      | Killed Sigmund
  6599 | D:5      | Reached skill level 1 in Shields
  6881 | D:5      | Noticed Prince Ribbit
  6885 | D:5      | Killed Prince Ribbit
  7140 | Temple   | Entered the Ecumenical Temple
  7241 | Temple   | Became a worshipper of Cheibriados the Contemplative
  7292 | D:6      | Reached skill level 1 in Invocations
  7828 | D:6      | Found an ancient bone altar of Kikubaaqudgha.
  8024 | D:6      | Reached * piety under Cheibriados
  8872 | D:7      | Reached skill level 5 in Shields
  9108 | D:7      | Reached XP level 10. HP: 46/54 MP: 13/25
  9355 | D:8      | Reached ** piety under Cheibriados
  9638 | D:8      | Reached skill level 5 in Earth Magic
  9752 | D:8      | Noticed Erica
  9814 | D:8      | Killed Erica
  9815 | D:8      | Reached skill level 5 in Invocations
 10049 | D:7      | Reached skill level 5 in Translocations
 10916 | D:8      | Found a hide-covered altar of Uskayaw.
 10997 | D:9      | Reached *** piety under Cheibriados
 11120 | D:9      | Found a sacrificial altar of Ru.
 11287 | D:9      | Reached skill level 10 in Spellcasting
 11493 | D:9      | Identified the +0 pair of boots "Nyqocam" {Harm Str+6 Int-4
                  | Dex-2}
 11987 | D:9      | Found an opulent altar of Gozag.
 11987 | D:9      | Found a sparkling altar of Nemelex Xobeh.
 12016 | D:10     | Entered Level 10 of the Dungeon
 12490 | D:10     | Found a shadowy altar of Dithmenos.
 12498 | D:10     | Reached **** piety under Cheibriados
 12566 | D:10     | Reached XP level 11. HP: 54/58 MP: 11/27
 12671 | D:10     | Found a glowing golden altar of the Shining One.
 13136 | D:10     | Found a staircase to the Lair.
 13853 | D:11     | Reached skill level 10 in Conjurations
 14125 | D:11     | Identified the +3 pair of boots of Hedging {Stlth+}
 14460 | D:12     | Found a stormy altar of Qazlal.
 14482 | D:12     | Noticed a boulder beetle
 14495 | D:12     | Killed a boulder beetle
 14871 | D:12     | Found Poxzath's Antique Armour Emporium.
 14899 | D:12     | Noticed a boulder beetle
 14900 | D:12     | Reached skill level 5 in Stealth
 14924 | D:12     | Noticed a six-headed hydra
 14931 | D:12     | Killed a six-headed hydra
 15395 | D:12     | Killed a boulder beetle
 15684 | D:12     | Found Bouc's Jewellery Boutique.
 15821 | D:12     | Reached XP level 12. HP: 64/64 MP: 22/29
 15959 | D:12     | Found Lepit's Armour Emporium.
 16014 | D:12     | Found Ypeoge's Weapon Boutique.
 16079 | D:12     | Found Geokeg's Book Emporium.
 16212 | D:12     | Found a staircase to the Orcish Mines.
 16323 | D:12     | Reached skill level 5 in Dodging
 16475 | D:13     | Noticed an eight-headed hydra
 16480 | D:13     | Killed a seven-headed hydra
 16534 | D:13     | Noticed Frances
 16611 | D:13     | Noticed an eight-headed hydra
 16613 | D:13     | Noticed a centaur warrior
 16614 | D:13     | Noticed a death knight
 16620 | D:12     | Killed an eight-headed hydra
 16621 | D:12     | Reached skill level 10 in Invocations
 16758 | Lair:1   | Entered Level 1 of the Lair of Beasts
 16776 | Lair:1   | Identified the +4 chain mail "Ehunn" {Int+3 Dex+3}
 17085 | Lair:1   | Noticed a catoblepas
 17094 | Lair:1   | Killed a catoblepas
 17631 | Lair:1   | Reached ***** piety under Cheibriados
 18026 | Lair:1   | Noticed a seven-headed hydra
 18194 | Lair:1   | Killed a seven-headed hydra
 18692 | Lair:2   | Noticed a five-headed hydra
 18700 | Lair:2   | Killed a five-headed hydra
 18978 | Lair:2   | Learned a level 6 spell: Statue Form
 19159 | Lair:2   | Found a staircase to the Shoals.
 19170 | Lair:2   | Reached skill level 1 in Transmutations
 19651 | Lair:2   | Noticed a six-headed hydra
 19981 | Lair:2   | Killed a six-headed hydra
 20290 | Lair:3   | Reached XP level 13. HP: 70/70 MP: 22/32
 20916 | Lair:3   | Found a transporter.
 20918 | Lair:3   | Noticed anet's ghost (journeyman MiBe)
 20976 | Lair:3   | Found a transporter.
 21333 | Lair:3   | Reached ****** piety under Cheibriados
 22524 | Lair:4   | Reached skill level 5 in Fighting
 22524 | Lair:4   | Reached skill level 5 in Transmutations
 22817 | Lair:4   | Found a hole to the Spider Nest.
 23105 | Lair:5   | Reached skill level 1 in Armour
 24400 | Lair:5   | Noticed Josephine
 24569 | Lair:5   | Killed Josephine
 25051 | Lair:5   | Reached XP level 14. HP: 78/78 MP: 1/34
 25528 | Lair:5   | Reached skill level 15 in Spellcasting
 25969 | Lair:5   | Learned a level 5 spell: Borgnjor's Vile Clutch
 26142 | Lair:5   | Found a staircase to the Slime Pits.
 26353 | Lair:6   | Entered Level 6 of the Lair of Beasts
 26473 | Lair:6   | Reached skill level 1 in Necromancy
 27678 | Lair:6   | Reached skill level 5 in Necromancy
 29026 | Lair:6   | Reached skill level 1 in Evocations
 29311 | Lair:6   | Identified the +11 short sword "Laphu" {protect, rF+}
 29315 | Lair:6   | Identified the +8 mace of Geud {vorpal, *Noise rF+ rC+
                  | MP+9}
 29360 | Lair:6   | Reached skill level 1 in Short Blades
 30133 | Orc:1    | Entered Level 1 of the Orcish Mines
 31165 | Orc:2    | Entered Level 2 of the Orcish Mines
 31612 | Orc:1    | Reached skill level 5 in Evocations
 31656 | Orc:2    | Noticed an orc warlord
 31833 | Orc:1    | Killed an orc warlord
 31834 | Orc:1    | Reached XP level 15. HP: 46/82 MP: 7/36
 31960 | Orc:2    | Gained mutation: You do not regenerate when monsters are
                  | visible. [a neqoxec]
 31961 | Orc:2    | Gained mutation: You are occasionally teleported next to
                  | monsters. [a neqoxec]
 32054 | Orc:1    | Lost mutation: You are occasionally teleported next to
                  | monsters. [potion of mutation]
 32054 | Orc:1    | Lost mutation: You do not regenerate when monsters are
                  | visible. [potion of mutation]
 32054 | Orc:1    | Gained mutation: You are somewhat resistant to further
                  | mutation. [potion of mutation]
 32287 | Orc:2    | Found Uhercheo's Antique Armour Boutique.
 32406 | Orc:2    | Found Fuf Qaho's General Store.
 33087 | Orc:2    | Found Veoq's Jewellery Shoppe.
 33415 | Orc:2    | Found Zumic's Antique Weapon Emporium.
 33439 | Orc:2    | Found a staircase to the Elven Halls.
 33457 | Orc:2    | Found Ylugir's Magic Scroll Emporium.
 33466 | Orc:2    | Bought a scroll of acquirement for 884 gold pieces
 33469 | Orc:2    | Acquired 939 gold pieces
 34023 | D:12     | Bought glowing swamp dragon scales for 1749 gold pieces
 34067 | D:12     | Bought Sif Muna's Guide on the Arsonist and the Oath for
                  | 532 gold pieces
 34077 | D:12     | Learned a level 9 spell: Fire Storm
 34357 | D:12     | Killed Frances
 34358 | D:12     | Reached skill level 1 in Fire Magic
 34679 | D:13     | Found a gate to the Vaults.
 35272 | D:13     | Noticed Kirke
 35291 | D:12     | Killed Kirke
 35816 | D:14     | Learned a level 5 spell: Iskenderun's Battlesphere
 36180 | D:15     | Entered Level 15 of the Dungeon
 36830 | Spider:1 | Entered Level 1 of the Spider Nest
 36893 | Spider:1 | Reached skill level 5 in Fire Magic
 37470 | Spider:1 | Noticed an emperor scorpion
 37481 | Spider:1 | Killed an emperor scorpion
 38289 | Spider:1 | Acquired Lom Lobon's Incunabulum of Confrontation
 38298 | Spider:1 | Learned a level 4 spell: Flame Wave
 38305 | Spider:1 | Learned a level 6 spell: Iron Shot
 39565 | Spider:2 | Reached XP level 16. HP: 87/87 MP: 37/37
 39829 | Spider:2 | Noticed Arachne
 39840 | Spider:2 | Killed Arachne
 39879 | Spider:2 | Noticed Louise
 39887 | Spider:2 | Killed Louise
 39985 | Spider:2 | Reached skill level 5 in Short Blades
 40126 | Spider:2 | Reached skill level 15 in Invocations
 40616 | Spider:2 | Noticed Mlioglotl
 40621 | Spider:2 | Killed Mlioglotl
 41573 | Spider:4 | Entered Level 4 of the Spider Nest
 42758 | Spider:3 | Reached skill level 10 in Earth Magic
 43380 | Spider:3 | Noticed Roxanne
 43386 | Spider:3 | Killed Roxanne
 44581 | Spider:4 | Learned a level 2 spell: Passwall
 45853 | Spider:4 | Reached XP level 17. HP: 90/92 MP: 7/39
 47548 | Spider:4 | Identified the +0 hat "Ufoifopo" {Contam Fly rN+ rCorr}
 47573 | Spider:4 | Got a gossamer rune of Zot
 48028 | Vaults:1 | Entered Level 1 of the Vaults
 48074 | Vaults:1 | Mangled by a white very ugly thing

Illustrated notes

Levels and vault maps discovered:
D:1:      evilmike_arrival_crescent, layout_basic,
          hellmonk_ecumenical_altar_inner_sanctum, minmay_tripent
D:2:      layout_rooms, uniq_natasha
D:3:      cheibrodos_greedy_goblins, layout_basic,
          amethyst_overflow_temple_binary, kennysheep_generic_room_14
D:4:      layout_loops_ring, mainiacjoe_overflow_alcove_4, old_standard_altar,
          minmay_temple_entry_enclosed_plants, uniq_pikel, uniq_edmund
D:5:      layout_loops_ring, vehumet_altar_wand_db, serial_co_window_serial,
          co_window_corner_a, co_window_paths_a, co_window_cross_1,
          co_window_paths_a, co_window_cross_1, co_window_broadway_b,
          co_window_corner_ca, co_window_unsneaky_path_e, co_window_4corner_a,
          glass_columns_a, glass_columns_a, kennysheep_nondescript,
          nicolae_wormholes, uniq_duvessa, uniq_sigmund, uniq_prince_ribbit1
D:6:      layout_rooms, nicolae_kikubaaqudgha_miasma_corner, serial_glass,
          glass_columns_a, glass_columns_b
D:7:      layout_rooms
D:8:      layout_basic, mainiacjoe_overflow_chevrons, uniq_erica
D:9:      layout_long_grid, grunt_temple_overflow_opulence,
          mainiacjoe_overflow_tiny_flanked, minmay_misc_feat_four_crosses,
          chequers_jeans
D:10:     layout_roguey, tso_oasis_becter, grunt_dithmenos_smoke,
          erik_lair_dragon
D:11:     layout_long_grid, chequers_serial_rivers_large_a
D:12:     layout_irregular_city, kennysheep_orc_monster_closet_entryway,
          serial_shops, nicolae_shop_overgrown_old_shop, nicolae_square_shop,
          nicolae_diamond_shop, shop, nicolae_stop_n_shop_2, grunt_qazlal_clouds
D:13:     layout_rooms, david_vaults_1, minmay_fire_ice_demons, uniq_kirke,
          uniq_frances
D:14:     layout_rooms, interstate_on_off, evilmike_minifort
D:15:     gammafunk_depths_entry_grave, layout_basic,
          nicolae_trove_entry_diagonal
Temple:   compressed_dpeg_circular_temple
Lair:1:   layout_cave_pods, serial_bayou_crossing
Lair:2:   layout_gridlike, elwin_shoals_entry_rooms
Lair:3:   layout_loops_ring, gammafunk_ghost_arena,
          nicolae_volcano_entry_vermiform, minivault_11,
          kennysheep_basilisk_garden, grunt_megastairs_2
Lair:4:   layout_misc_corridors, hellmonk_spider_entry_not_the_bees,
          wad_woods_river_03, grunt_megastairs_4
Lair:5:   layout_layer_cave, dpeg_slime_entry_corner,
          grunt_forest_small_clearings, uniq_josephine
Lair:6:   minmay_lair_end_frog_pond, layout_loops_ring, lemuel_fruit_tree,
          serial_bayou_shore_a, infiniplex_staircase_pool
Spider:1: layout_chambers
Spider:2: layout_spider_delve, hangedman_spider_tarantella_strand, uniq_arachne,
          uniq_louise, uniq_mlioglotl
Spider:3: layout_cave_pods, uniq_roxanne
Spider:4: spider_rune_water
Orc:1:    layout_caves, basic_altar
Orc:2:    grunt_orc_gardens, layout_caves, grunt_orc_garden, grunt_orc_garden,
          grunt_orc_garden, grunt_orc_garden, basic_altar, serial_shops,
          nicolae_shop_statue_plus
Vaults:1: hangedman_vaults_snaps, ontoclasm_vaults_chip,
          nicolae_vaults_alarming, v_misc_18, v_misc_30, v_misc_29,
          ontoclasm_vaults_ring_square, ontoclasm_vaults_claustrophobia,
          ontoclasm_vaults_shuriken, ontoclasm_vaults_misaligned,
          layout_vaults_omnibox

Skill      XL: |  1  2  3  4  5  6  7  8  9 10 11 12 13 14 15 16 17 |
---------------+----------------------------------------------------+-----
Spellcasting   | 4 5 6 7 9 10 11 13 14 15 16 | 16.2
Conjurations   | 5 6 7 8 9 10 12 13 | 13.0
Earth Magic    | 1 2 3 4 6 7 8 10 11 | 11.5
Dodging        | 3 4 7 8 |  8.4
Fighting       | 1 2 3 5 |  5.1
Translocations | 4 6 |  6.8
Shields        | 5 |  5.5
Invocations    | 4 6 9 11 12 14 16 | 16.6
Stealth        | 7 8 9 |  9.6
Transmutations | 2 5 7 |  7.4
Armour         | 2 3 |  3.5
Necromancy     | 7 |  7.2
Evocations     | 5 |  5.2
Short Blades   | 3 5 |  5.1
Fire Magic     | 8 |  8.7

Action                   |  1- 3 |  4- 6 |  7- 9 | 10-12 | 13-15 | 16-18 || total
-------------------------+-------+-------+-------+-------+-------+-------++-------
Melee: Dagger            |     2 |     2 |     6 |       |       |       ||    10
       Scimitar          |       |       |       |    26 |    78 |       ||   104
       Short sword       |       |       |       |       |   324 |   494 ||   818
       Unarmed           |       |       |       |       |     4 |       ||     4
 Cast: Magic Dart        |    72 |    80 |   174 |   127 |   194 |    51 ||   698
       Searing Ray       |     2 |     5 |     9 |    24 |    13 |     1 ||    54
       Stone Arrow       |       |     7 |    76 |   329 |   664 |    41 ||  1117
       Blink             |       |       |       |     6 |     8 |     2 ||    16
       Borgnjor's Vile C |       |       |       |       |    64 |    54 ||   118
       Iron Shot         |       |       |       |       |     2 |    78 ||    80
       Iskenderun's Batt |       |       |       |       |     1 |       ||     1
       Flame Wave        |       |       |       |       |       |    16 ||    16
       Passwall          |       |       |       |       |       |     1 ||     1
Invok: Slouch            |       |       |       |     2 |     7 |     2 ||    11
Evoke: Wand              |       |       |       |    13 |    40 |     7 ||    60
  Use: Scroll            |     4 |     3 |     8 |    12 |    14 |     3 ||    44
       Potion            |       |       |       |     2 |     4 |     6 ||    12
 Stab: Sleeping          |       |     1 |     1 |     2 |    23 |     6 ||    33
       Petrified         |       |       |       |       |     4 |       ||     4
       Distracted        |       |       |       |       |       |     1 ||     1
Armor: Robe              |     5 |       |     5 |    42 |    94 |       ||   146
       Swamp dragon scal |       |       |       |       |    45 |   337 ||   382
Dodge: Dodged            |    11 |     8 |    35 |   206 |   704 |   644 ||  1608
Block: Kite shield       |       |       |     9 |   228 |   731 |   542 ||  1510

Table legend: (Time is in decaauts)
 A = Elapsed time spent in this place.
 B = Non-inter-level travel time spent in this place.
 C = Inter-level travel time spent in this place.
 D = Time resting spent in this place.
 E = Time spent auto-exploring this place.
 F = Levels seen in this place.
 G = Mean time per level.
                   A        B        C        D        E       F      G
               +--------+--------+--------+--------+--------+-----+--------+
         Total |  61925 |  57663 |   4262 |  18677 |  30448 |  29 | 2135.3 |
       Dungeon |  23938 |  22200 |   1738 |   6583 |  12644 |  15 | 1595.9 |
        Temple |    120 |     78 |     42 |      0 |     68 |   1 |  120.0 |
          Lair |  18936 |  17243 |   1693 |   5292 |   9669 |   6 | 3156.0 |
   Spider Nest |  14425 |  13775 |    650 |   5232 |   6282 |   4 | 3606.2 |
  Orcish Mines |   4448 |   4312 |    136 |   1548 |   1774 |   2 | 2224.0 |
        Vaults |     55 |     55 |      0 |     22 |     10 |   1 |   55.0 |
               +--------+--------+--------+--------+--------+-----+--------+

Top non-repeatable levels by time:
  Lair:5: 4870 daAuts
Spider:4: 4484 daAuts
    D:12: 3924 daAuts
Spider:1: 3626 daAuts
  Lair:1: 3465 daAuts
Spider:3: 3274 daAuts
  Lair:6: 3235 daAuts
  Lair:3: 3067 daAuts
Spider:2: 3040 daAuts
  Lair:2: 2338 daAuts
   Orc:1: 2315 daAuts
   Orc:2: 2133 daAuts
     D:5: 2130 daAuts
    D:10: 2090 daAuts
    D:11: 1979 daAuts
